Map: [ESL] Data-C

Players

Hellraiser - Winner!

  • Race: Protoss Protoss
  • Spawn Location: 9:00

SKillous

  • Race: Protoss Protoss
  • Spawn Location: 3:00

Event: DreamHack SC2 Masters 2022 Atlanta (Online)

VOD

Have the link to the VOD?

Description

Time

  • Played on: Oct. 9, 2022, 10:15 a.m.
  • Length: 10:05

All games in this series

Show
View Real Time Build Order
Export as new Build Order

Hellraiser Protoss - Winner!

Build Orders: Blink Stalkers 

Get SALT Encoding   

  12  0:00  Probe  
  13  0:12  Probe  
  14  0:17  Pylon  
  14  0:24  Probe (Chrono Boost)  
  16  0:36  Probe (Chrono Boost)  
  16  0:37  Gateway  
  16  0:43  Probe (Chrono Boost)  
  16  0:46  Assimilator  
  17  0:50  Probe  
  17  0:55  Assimilator  
  18  1:03  Probe (Chrono Boost)  
  19  1:10  Gateway  
  19  1:13  Probe (Chrono Boost)  
  20  1:20  Probe  
  21  1:28  Cybernetics Core  
  21  1:32  Probe  
  22  1:40  Pylon  
  22  1:44  Probe  
  23  1:59  Pylon  
  24  2:05  Stalker  
  24  2:07  Stalker  
  27  2:10  Warp Gate  
  27  2:11  Probe  
  28  2:18  Pylon  
  28  2:23  Probe  
  29  2:35  Adept  
  31  2:37  Adept  
  33  3:00  Nexus  
  33  3:02  Probe  
  34  3:16  Twilight Council  
  34  3:18  Shield Battery  
  34  3:24  Probe  
  34  3:37  Probe  
  33  3:49  Probe (Chrono Boost)  
  33  3:53  Blink (Chrono Boost)  
  34  3:59  Stalker x2  
  34  4:01  Probe (Chrono Boost)  
  39  4:13  Probe x2 (Chrono Boost)  
  41  4:22  Stalker  
  41  4:23  Probe (Chrono Boost)  
  41  4:24  Probe (Chrono Boost), Stalker  
  49  4:32  Probe (Chrono Boost)  
  49  4:33  Probe (Chrono Boost)  
  49  4:37  Probe (Chrono Boost)  
  49  4:38  Robotics Facility  
  49  4:39  Probe  
  48  4:48  Probe  
  48  4:51  Probe  
  50  4:58  Nexus  
  50  5:00  Probe  
  50  5:04  Pylon  
  51  5:10  Probe  
  51  5:11  Sentry  
  54  5:19  Forge  
  54  5:23  Probe  
  54  5:25  Stalker  
  54  5:27  Observer (Chrono Boost), Probe  
  59  5:30  Pylon  
  59  5:35  Probe  
  60  5:42  Shield Battery  
  60  5:45  Probe  
  60  5:47  Protoss Ground Weapons Level 1 (Chrono Boost), Immortal (Chrono Boost), Probe  
  60  5:49  Stalker  
  66  5:56  Shield Battery  
  66  5:59  Stalker  
  66  6:01  Probe  
  69  6:04  Pylon  
  69  6:06  Probe  
  69  6:11  Probe  
  71  6:13  Probe  
  72  6:18  Probe  
  72  6:23  Immortal (Chrono Boost), Probe  
  78  6:26  Probe  
  78  6:27  Assimilator  
  78  6:30  Probe  
  80  6:35  Probe  
  80  6:36  Charge  
  80  6:38  Probe, Stalker x2  
  86  6:43  Probe  
  87  6:47  Pylon  
  87  6:49  Observer (Chrono Boost), Probe  
  87  6:51  Photon Cannon, Probe  
  89  6:59  Gateway  
  89  7:00  Gateway  
  89  7:03  Stalker x2  
  93  7:09  Gateway  
  93  7:21  Gateway  
  93  7:22  Gateway  
  93  7:24  Gateway  
  93  7:34  Stalker x2  
  93  7:36  Immortal (Chrono Boost)  
  97  7:48  Probe  
  96  7:55  Pylon  
  96  7:56  Pylon  
  96  7:58  Photon Cannon, Pylon  
  96  8:00  Pylon  
  96  8:05  Warp Prism (Chrono Boost)  
  96  8:10  Stalker  
  100  8:16  Stalker x4, Pylon x2  
  100  8:17  Stalker, Pylon  
  110  8:22  Stalker  
  110  8:23  Stalker  
  114  8:39  Stalker x2  
  114  8:40  Zealot x4  
  126  8:43  Warp Prism (Chrono Boost)  
  128  8:53  Stalker x2  
  132  9:07  Stalker x3  
  132  9:08  Zealot x3  
  128  9:20  Zealot x2  
  118  9:29  Stalker x3  
  118  9:31  Zealot x3  
  112  9:36  Probe  
  112  9:37  Probe  
  112  9:38  Probe  
  107  9:43  Zealot x2  
  105  9:48  Probe  
  105  9:49  Probe  
  101  9:55  Stalker x4  
  101  9:58  Zealot x2  
Show
View Real Time Build Order
Export as new Build Order

SKillous Protoss 

Build Orders: Oracle Opening 

Get SALT Encoding   

  12  0:00  Probe  
  13  0:12  Probe  
  14  0:17  Pylon  
  14  0:24  Probe  
  15  0:35  Gateway  
  15  0:39  Probe (Chrono Boost)  
  16  0:48  Probe (Chrono Boost), Assimilator  
  17  0:53  Probe (Chrono Boost)  
  18  0:59  Assimilator  
  18  1:05  Probe (Chrono Boost)  
  18  1:07  Pylon  
  19  1:15  Probe (Chrono Boost)  
  20  1:20  Probe (Chrono Boost)  
  21  1:28  Cybernetics Core  
  23  1:33  Probe  
  22  1:40  Zealot  
  22  1:45  Probe  
  25  1:57  Probe  
  26  2:07  Sentry  
  28  2:10  Probe  
  28  2:12  Stargate  
  29  2:20  Warp Gate, Pylon  
  29  2:25  Pylon  
  29  2:33  Stalker  
  31  2:52  Nexus  
  31  2:55  Oracle (Chrono Boost)  
  34  3:02  Probe  
  35  3:07  Shield Battery  
  35  3:20  Probe, Pylon  
  36  3:32  Probe  
  37  3:44  Probe  
  37  3:46  Oracle (Chrono Boost)  
  39  3:56  Probe  
  39  3:58  Twilight Council  
  39  4:01  Gateway  
  40  4:08  Probe x2 (Chrono Boost)  
  40  4:09  Gateway  
  42  4:19  Probe (Chrono Boost)  
  42  4:21  Probe (Chrono Boost)  
  42  4:22  Stalker  
  42  4:23  Probe (Chrono Boost)  
  46  4:29  Probe  
  48  4:32  Blink (Chrono Boost)  
  48  4:35  Probe  
  49  4:41  Probe  
  47  4:47  Probe, Stalker  
  47  4:49  Pylon  
  50  4:53  Probe  
  50  4:55  Assimilator  
  50  4:57  Forge  
  50  4:59  Probe  
  52  5:01  Stalker  
  52  5:05  Probe  
  52  5:06  Stalker  
  57  5:11  Probe  
  57  5:13  Pylon  
  58  5:15  Assimilator  
  58  5:19  Stalker  
  60  5:23  Protoss Ground Weapons Level 1 (Chrono Boost)  
  60  5:26  Pylon  
  60  5:27  Gateway  
  60  5:34  Probe  
  61  5:36  Stalker  
  63  5:47  Stalker x2  
  63  5:48  Probe  
  68  5:59  Stalker  
  68  6:00  Pylon  
  70  6:10  Nexus  
  70  6:14  Stalker  
  70  6:16  Stalker  
  74  6:24  Stalker  
  78  6:27  Stalker  
  78  6:28  Probe x2  
  80  6:38  Stalker  
  80  6:39  Stalker  
  84  6:41  Probe, Pylon  
  85  6:51  Stalker x2  
  85  6:53  Pylon  
  89  6:58  Probe x2  
  91  7:04  Robotics Facility, Protoss Ground Weapons Level 2 (Chrono Boost)  
  91  7:10  Probe x2  
  95  7:23  Probe (Chrono Boost)  
  95  7:26  Shield Battery  
  95  7:27  Probe x2 (Chrono Boost)  
  84  7:38  Probe (Chrono Boost), Stalker x3  
  84  7:39  Stalker  
  84  7:40  Probe (Chrono Boost)  
  84  7:41  Probe (Chrono Boost)  
  94  7:50  Probe (Chrono Boost)  
  95  7:51  Probe (Chrono Boost)  
  95  7:53  Observer, Probe (Chrono Boost)  
  95  7:55  Probe (Chrono Boost)  
  95  7:57  Robotics Bay  
  95  7:58  Shield Battery  
  97  7:59  Shield Battery, Probe  
  97  8:01  Probe  
  97  8:02  Sentry, Stalker  
  97  8:03  Stalker  
  97  8:05  Stalker  
  107  8:06  Probe  
  107  8:11  Pylon  
  108  8:17  Observer  
  108  8:18  Probe x2  
  111  8:21  Robotics Facility  
  111  8:22  Probe  
  111  8:23  Assimilator  
  111  8:24  Photon Cannon  
  111  8:25  Assimilator  
  112  8:32  Pylon  
  112  8:35  Stalker x3  
  112  8:38  Stalker  
  112  8:41  Disruptor (Chrono Boost)  
  120  8:46  Observer  
  123  8:54  Pylon  
  123  8:58  Stalker x3  
  123  8:59  Gateway  
  123  9:00  Gateway  
  126  9:08  Stalker  
  126  9:09  Disruptor (Chrono Boost)  
  129  9:12  Disruptor (Chrono Boost)  
  119  9:22  Zealot x3  
  99  9:31  Zealot  
  99  9:37  Probe x2  
  89  9:40  Probe  
  89  9:45  Zealot x3  
  72  9:54  Zealot x2  
Tags
 
Add a new tag
Caveats
  • Supply blocks, unpowered buildings, or Contaminate may cause inaccurate times.
  • Supply counts are checked every 10 seconds.